 Dungeon Crawl Stone Soup version 0.31-a0-574-g69dc8cc98e (webtiles) character file.

Game seed: 15601355579703864733

29 kae the Changeling (level 3, 22/28 HPs)
             Began as a Draconian Shapeshifter on Aug 18, 2023.
             Quit the game on level 2 of the Dungeon.
             The game lasted 00:00:30 (1109 turns).

kae the Changeling (Draconian Shapeshifter)         Turns: 1109, Time: 00:00:30

Health: 22/28      AC:  5    Str: 17    XL:     3   Next: 1%
Magic:  3/3        EV: 12    Int: 10    God:
Gold:   100        SH:  0    Dex: 11    Spells: 2/2 levels left

rFire   . .          .
                       - Unarmed
rCold   . . .        (no shield)
rNeg    . . .        (body armour unavailable)
rPois   .            (helmet currently unavailable)
rElec   .            (cloak currently unavailable)
rCorr   .            (gloves currently unavailable)
SInv    .            (boots currently unavailable)
Will    .....        (no amulet)
Stlth   +            (no ring)
HPRegen 0.24/turn    (no ring)
MPRegen 0.08/turn

%: no passive effects
@: beast-form
A: beast (slay +2), AC +5, unfitting armour, cold-blooded
a: Begin Untransformation


You were on level 2 of the Dungeon.
You were a hulking beast.
You visited 1 branch of the dungeon, and saw 2 of its levels.

You collected 100 gold pieces.


Innate Abilities, Weirdness & Mutations

You are a hulking beast.
Your limbs bulge with bestial killing power. (Slay +2)
Your plain brown scales are hard. (AC +5)
You cannot fit into any form of body armour.
You are cold-blooded and may be slowed by cold attacks.


   Skills:
 - Level 1.1 Fighting
 - Level 1.7 Dodging
 + Level 3.4 Unarmed Combat
 * Level 3.6 Shapeshifting


You had 2 spell levels left.
You didn't know any spells.
Your spell library contained the following spells:

 Spells                   Type           Power      Damage    Failure   Level
 Magic Dart               Conj           0%         1d3       36%         1
 Sting                    Tmut/Pois      0%         1d3       36%         1
 Call Imp                 Summ           0%         N/A       50%         2
 Poisonous Vapours        Pois/Air       0%         N/A       50%         2
 Mephitic Cloud           Conj/Pois/Air  0%         N/A       75%         3
 Olgreb's Toxic Radiance  Pois           0%         N/A       98%         4
 Summon Forest            Summ/Tloc      0%         N/A       100%        5
 Summon Mana Viper        Hex/Summ       0%         N/A       100%        5
 Summon Cactus Giant      Summ           0%         N/A       100%        6

Inventory:

Missiles
 f - 20 stones
 i - 3 poisoned darts
Magical Staves
 j - a staff of air {!a}
   (You found it on level 1 of the Dungeon)
 p - a staff of earth {!a}
   (You found it on level 2 of the Dungeon)
Talismans
 b - a beast talisman (active)
 c - a flux talisman
Scrolls
 k - 2 scrolls of identify {unknown}
 m - a scroll of vulnerability {unknown}
 n - a scroll of brand weapon {unknown}
 o - a scroll of amnesia {unknown}
 q - a scroll of enchant weapon {unknown}
Potions
 a - a potion of lignification {!q}
 d - 2 potions of berserk rage {unknown}
 e - a potion of degeneration {unknown}
 g - a potion of mutation {unknown}
 h - a potion of haste {unknown}
 l - a potion of brilliance {unknown}

Dungeon Overview and Level Annotations

Branches:
Dungeon (2/15) Zot: 10890

Altars:

#..........###.##..........
#.......................###
#..........##.............#
#..........###.............
#..........# #.............
#..........# #.......##.###
##########.# #.......##....
#.# #.......##.... #h#
#.####..#..... #..##.#
#......... ##.##..
#.##...... ..## ..........
#.# ....#...... ..
...###......
.##..#.........
..#..#.........
.....#####...


There were no monsters in sight!


Message History

You take 1 damage, and now have 22/23 hp.
A ball python is nearby!
You hit the ball python.
You kill the ball python!
No target in view!
There is a stone staircase leading down here.
A dart slug comes into view.
The dart slug launches a dart at you. The slug dart misses you. 😎 HP[+1]
Your hp is fully restored (23).
A dart slug is nearby!
A rat comes into view.
The dart slug launches a dart at you. The slug dart hits you.
There are monsters nearby!
The rat twitches its whiskers.
The rat bites you but does no damage.
You punch the rat!
You kill the rat!
The dart slug launches a dart at you. The slug dart hits you. 😕 HP[-3]
You take 3 damage, and now have 20/23 hp.
A dart slug is nearby! 😕 HP[+1]
A dart slug is nearby!
The dart slug barely misses you.
You hit the dart slug. The dart slug bites you. 😕 HP[-1]
You take 1 damage, and now have 20/23 hp.
A dart slug is nearby!
You punch the dart slug!
You kill the dart slug!
No target in view!
A giant cockroach comes into view. 😎 HP[+3]
Your hp is fully restored (23).
A giant cockroach is nearby!
A giant cockroach is nearby!
You hit the giant cockroach. The giant cockroach barely misses you.
A giant cockroach is nearby!
You closely miss the giant cockroach.
The giant cockroach bites you but does no damage.
The giant cockroach bites you.
You barely miss the giant cockroach.
The giant cockroach barely misses you. 😕 HP[-2]
You take 2 damage, and now have 21/23 hp.
A giant cockroach is nearby!
You hit the giant cockroach.
You kill the giant cockroach!
No target in view!
o - a scroll labelled KOTTITSIARGH 😎 HP[+2]
Your hp is fully restored (23).
No target in view!
No target in view!
p - a staff of earth {!a} No target in view!
No target in view!
You pick up a book of Minor Magic and begin reading...
You add the spells Magic Dart, Call Imp and Mephitic Cloud to your library.
Found a stone staircase leading up.
No target in view!
No target in view!
There is a stone staircase leading up here.
q - a scroll labelled BOPITW GAUR No target in view!
No target in view!
You now have 89 gold pieces (gained 10).
You now have 100 gold pieces (gained 11).
A hobgoblin comes into view.
A hobgoblin is nearby!
The hobgoblin hits you.
You hit the hobgoblin. The hobgoblin hits you. 😕 HP[-4]
You take 4 damage, and now have 19/23 hp.
A hobgoblin is nearby!
You hit the hobgoblin but do no damage. The hobgoblin closely misses you.
You barely miss the hobgoblin.
The hobgoblin hits you but does no damage. 😕 HP[+1]
A hobgoblin is nearby!
A hobgoblin is nearby!
You barely miss the hobgoblin. The hobgoblin misses you.
You closely miss the hobgoblin. The hobgoblin hits you. 😕 HP[-2]
You take 2 damage, and now have 18/23 hp.
You hit the hobgoblin.
You kill the hobgoblin!
You have reached level 3!
Your experience leads to an increase in your attributes!
Increase (S)trength, (I)ntelligence, or (D)exterity?
You feel clever. x2; Your scales feel tougher. 😕 HP[+4] MP[+1]
You now have 28 max hp (+5).
You regained 4 hp, and now have 22/28 hp.
Your mp is fully restored (3).
Okay, then.
Are you sure you want to abandon this character and quit the game? (Confirm with "yes".)

Action                     || total
---------------------------++-------
  Melee: Unarmed           ||    49
         Tailslap          ||     5
   Stab: Sleeping          ||     1
 Armour: Skin              ||     8
  Dodge: Dodged            ||    25

Levels and vault maps discovered:
D:1:      evilmike_arrival_crescent, layout_loops_ring, minmay_rat_gold_closets
D:2:      layout_rooms

Notes
Turn   | Place    | Note
-------+----------+-------------------------------------------
     0 | D:1      | kae the Draconian Shapeshifter began the quest for the Orb.
     0 | D:1      | Reached XP level 1. HP: 16/16 MP: 1/1
     0 | D:1      | magus.rc [v1.11.3]
   267 | D:1      | Reached XP level 2. HP: 23/23 MP: 2/2
   314 | D:1      | You pick up a book of the Wilderness and begin reading...
   314 | D:1      | You add the spells Summon Forest, Summon Mana Viper and
                  | Summon Cactus Giant to your library.
   880 | D:2      | You add the spells Sting, Poisonous Vapours and Olgreb's
                  | Toxic Radiance to your library.
  1031 | D:2      | You pick up a book of Minor Magic and begin reading...
  1031 | D:2      | You add the spells Magic Dart, Call Imp and Mephitic Cloud
                  | to your library.
  1109 | D:2      | Reached XP level 3. HP: 22/28 MP: 3/3
  1109 | D:2      | Quit the game

Vanquished Creatures
  A worm (D:2)
  A dart slug (D:2)
  4 ball pythons
  2 bats (D:1)
  A giant cockroach (D:2)
  A goblin (D:1)
  3 hobgoblins
  4 kobolds
  8 rats
25 creatures vanquished.

Table legend:
 A = Non-vault XP
 B = Vault XP
 C = Vault XP percentage of total XP
 D = Non-vault monster count
 E = Vault monster count
 F = Vault count percentage of total count
                 A         B        C        D         E       F
            +---------+---------+-------+---------+---------+-------
      Total |      35 |       7 |  16.7 |      18 |       7 |  28.0
            +---------+---------+-------+---------+---------+-------
        D:1 |      15 |       7 |  31.8 |       9 |       7 |  43.8
        D:2 |      20 |       0 |   0.0 |       9 |       0 |   0.0
            +---------+---------+-------+---------+---------+-------

Action                     || total
---------------------------++-------
  Melee: Unarmed           ||    49
         Tailslap          ||     5
   Stab: Sleeping          ||     1
 Armour: Skin              ||     8
  Dodge: Dodged            ||    25

Illustrated notes

Table legend:
 A = Kills in this place as a percentage of kills in the entire game.
 B = Kills by you in this place as a percentage of kills by you in the entire game.
 C = Kills by friends in this place as a percentage of kills by friends in the entire game.
 D = Other kills in this place as a percentage of other kills in the entire game.
 E = Experience gained in this place as a percentage of experience gained in the entire game.
 F = Experience gained in this place divided by the number of levels of this place that you have seen.
                   A       B       C       D       E      F
               +-------+-------+-------+-------+-------+----------------------
         Total | 100.0 | 100.0 |   N/A |   N/A | 100.0 |  21.0
       Dungeon | 100.0 | 100.0 |   N/A |   N/A | 100.0 |  21.0
               +-------+-------+-------+-------+-------+----------------------

Table legend: (Time is in decaauts)
 A = Elapsed time spent in this place.
 B = Non-inter-level travel time spent in this place.
 C = Inter-level travel time spent in this place.
 D = Time resting spent in this place.
 E = Time spent auto-exploring this place.
 F = Levels seen in this place.
 G = Mean time per level.
                   A        B        C        D        E       F      G
               +--------+--------+--------+--------+--------+-----+--------+
         Total |   1109 |   1063 |     46 |      0 |    921 |   2 |  554.5 |
       Dungeon |   1109 |   1063 |     46 |      0 |    921 |   2 |  554.5 |
               +--------+--------+--------+--------+--------+-----+--------+

Top non-repeatable levels by time:
     D:1: 813 daAuts
     D:2: 296 daAuts
